 Dungeon Crawl Stone Soup version 0.27-a0-1296-g8ece459b43 (webtiles) character file.

Game seed: 11973194787285657659

136 BlueGoblin the Conjurer (level 4, -1/24 HPs)
             Began as a Deep Elf Conjurer on June 16, 2021.
             Slain by a phantom (4 damage)
             ... on level 3 of the Dungeon.
             The game lasted 00:04:52 (2048 turns).

BlueGoblin the Conjurer (Deep Elf Conjurer)         Turns: 2048, Time: 00:04:53

Health: -1/24      AC:  3    Str:  4    XL:     4   Next: 98%
Magic:  4/12       EV: 12    Int: 24    God:
Gold:   84         SH:  0    Dex: 13    Spells: 8/11 levels left

rFire    . . .     SeeInvis .   d - +0 dagger
rCold    . . .     Faith    .   (no shield)
rNeg     . . .     Spirit   .   a - +0 robe
rPois    .         Reflect  .   e - +0 helmet
rElec    .         Harm     .   (no cloak)
rCorr    .         Rampage  .   (no gloves)
Will     .....                  (no boots)
Stlth    ++........             (no amulet)
HPRegen  0.08/turn              (no ring)
MPRegen  0.13/turn              (no ring)

@: about to teleport
A: no striking features
a: no special abilities


You were on level 3 of the Dungeon.
You visited 1 branch of the dungeon, and saw 3 of its levels.

You collected 84 gold pieces.

Inventory:

Hand Weapons
 d - a +0 dagger (weapon)
Armour
 a - a +0 robe (worn)
 e - a +0 helmet (worn)
Jewellery
 i - an amulet of magic regeneration
Wands
 m - a wand of polymorph (6)
Scrolls
 c - a scroll of immolation
 h - a scroll of identify
 j - 2 scrolls of fear {unknown}
 k - a scroll of enchant armour {unknown}
 l - a scroll of magic mapping {unknown}
 o - a scroll of acquirement {unknown}
Potions
 b - a potion of degeneration
 g - a potion of curing
 n - a potion of flight {unknown}


   Skills:
 + Level 2.8 Dodging
 + Level 3.0 Stealth
 + Level 4.1 Spellcasting
 + Level 6.1 Conjurations


You had 8 spell levels left.
You knew the following spells:

 Your Spells              Type           Power      Damage    Failure   Level
a - Magic Dart            Conj           100%       1d8       1%          1
b - Searing Ray           Conj           68%        3d5       1%          2

Your spell library contained the following spells:

 Spells                   Type           Power      Damage    Failure   Level
 Dazzling Flash           Conj/Hex       38%        N/A       9%          3
 Fulminant Prism          Conj/Hex       9%         3d7       26%         4
 Iskenderun's Mystic Bla  Conj/Tloc      19%        2d6       26%         4


Dungeon Overview and Level Annotations

Branches:
Dungeon (3/15)

Altars:
Hepliaklqana


Message History

(Press . to maintain the ray.)
The searing ray hits the phantom!
The phantom is heavily damaged.
The searing ray hits the phantom.
The phantom is severely damaged.
The phantom hits you.
The searing ray misses the phantom.
You finish channeling your searing ray.
The phantom hits you!
The phantom blinks!
You blink.
Casting: Searing Ray (safe; 1% risk of failure)
Confirm with . or Enter, or press ? or * to list all spells.
Aiming: Searing Ray (safe; 1% risk of failure)
Press: ? - help, Shift-Dir - straight line, p - phantom The searing ray misses the phantom. (Press . to maintain the ray.)
The phantom hits you.
* * * LOW HITPOINT WARNING * * *
The phantom blinks!
You blink.
Found a chain mail and a leather armour.
A bat and an orc come into view.
It was a potion of curing.
You feel better. The phantom hits you!
Casting: Searing Ray (safe; 1% risk of failure)
Confirm with . or Enter, or press ? or * to list all spells.
Aiming: Searing Ray (safe; 1% risk of failure)
Press: ? - help, Shift-Dir - straight line, f - phantom
Aim: a phantom (severely damaged, 73% to hit)
The searing ray hits the phantom.
The phantom is almost destroyed. (Press . to maintain the ray.)
The orc shouts!
You hear a shout!
The phantom hits you.
* * * LOW HITPOINT WARNING * * *
The phantom blinks!
You blink.
An orc comes into view. It is wielding a +0 falchion.
Found a leather armour.
Found a stone staircase leading down. 2 orcs come into view.
The phantom closely misses you.
As you read the scroll of teleportation, it crumbles to dust.
You feel strangely unstable. The bat hits you but does no damage.
The phantom hits you.
You die...

#..#### #oo...# #
#.o...# .#.##.....#
#.........[#
#..........#
#########.......o..#
..†††...#..[..b.@..#
.######§#.....[.W..#
.# #..#..........#
.# #.##..........#
.# #....§........#
.# ###############
##


You could see a phantom, 4 orcs and a bat.

Vanquished Creatures
  An orc wizard (D:2)
  Ijyb (D:3)
  4 adders (D:2)
  A dart slug (D:2)
  2 orcs (D:2)
  3 ball pythons (D:2)
  5 bats (D:1)
  5 endoplasms (D:1)
  2 giant cockroaches
  2 goblins
  A hobgoblin (D:2)
  7 jackals
  A quokka (D:1)
  7 kobolds
  6 rats
48 creatures vanquished.

Notes
Turn   | Place    | Note
-------+----------+-------------------------------------------
     0 | D:1      | BlueGoblin the Deep Elf Conjurer began the quest for the
                  | Orb.
     0 | D:1      | Reached XP level 1. HP: 10/10 MP: 6/6
   146 | D:1      | Reached XP level 2. HP: 15/15 MP: 6/8
   396 | D:1      | Reached skill level 5 in Conjurations
   400 | D:1      | Learned a level 2 spell: Searing Ray
   657 | D:1      | Reached XP level 3. HP: 19/19 MP: 7/9
   679 | D:1      | Found a faded altar of an unknown god.
   961 | D:2      | Found a hazy altar of Hepliaklqana.
  1045 | D:2      | Reached XP level 4. HP: 24/24 MP: 5/11
  1790 | D:3      | Noticed Ijyb
  1804 | D:3      | Killed Ijyb
  1805 | D:3      | Reached skill level 6 in Conjurations
  2039 | D:3      | Noticed a phantom
  2048 | D:3      | Slain by a phantom

Illustrated notes

Levels and vault maps discovered:
D:1:      lightli_iron_boxes, layout_rooms, ebering_ecumenical_altar_ruins,
          minmay_bisected
D:2:      layout_loops_ring, basic_altar
D:3:      layout_basic, lemuel_crystal_altar, minmay_goblin_outpost, uniq_ijyb

Skill      XL: |  1  2  3  4 |
---------------+-------------+-----
Conjurations   | 5 6 |  6.1
Spellcasting   | 4 |  4.1
Stealth        | 3 |  3.0
Dodging        | |  2.8

Action                   |  1- 3 |  4- 6 || total
-------------------------+-------+-------++-------
Melee: Unarmed           |     1 |       ||     1
       Dagger            |     3 |       ||     3
 Cast: Magic Dart        |    29 |    15 ||    44
       Searing Ray       |     5 |     9 ||    14
  Use: Scroll            |       |     5 ||     5
       Potion            |       |     1 ||     1
Armor: Robe              |     4 |     2 ||     6
Dodge: Dodged            |     6 |     2 ||     8

Table legend: (Time is in decaauts)
 A = Elapsed time spent in this place.
 B = Non-inter-level travel time spent in this place.
 C = Inter-level travel time spent in this place.
 D = Time resting spent in this place.
 E = Time spent auto-exploring this place.
 F = Levels seen in this place.
 G = Mean time per level.
                   A        B        C        D        E       F      G
               +--------+--------+--------+--------+--------+-----+--------+
         Total |   2047 |   2005 |     42 |    651 |   1106 |   3 |  682.3 |
       Dungeon |   2047 |   2005 |     42 |    651 |   1106 |   3 |  682.3 |
               +--------+--------+--------+--------+--------+-----+--------+

Top non-repeatable levels by time:
     D:2: 941 daAuts
     D:1: 834 daAuts
     D:3: 270 daAuts
